 Dungeon Crawl Stone Soup version 0.30-a0-359-gd0147acb1a (webtiles) character file.

Game seed: 8360709174102384768

8451 night the Grappler (level 11, -16/78 (88) HPs)
             Began as a Troll Ice Elementalist on Nov 11, 2022.
             Was a High Priest of Cheibriados.
             Killed from afar by Josephine (32 damage)
             ... with a ghostly fireball
             ... on level 10 of the Dungeon on Nov 12, 2022.
             The game lasted 00:26:49 (9646 turns).

night the Grappler (Troll Ice Elementalist)         Turns: 9646, Time: 00:26:50

HP:   -16/78 (88)   AC: 13    Str: 30    XL:     11   Next: 10%
MP:   11/16         EV: 10    Int: 27    God:    Cheibriados [*****.]
Gold: 718           SH:  0    Dex: 28    Spells: 0/18 levels left

rFire   + . .      SeeInvis .      - Unarmed
rCold   . . .      Faith    .    (no shield)
rNeg    . . .      Spirit   .    P - +0 troll leather armour
rPois   .          Reflect  .    (helmet restricted)
rElec   .          Harm     .    o - +0 cloak
rCorr   .          Rampage  .    (gloves unavailable)
Will    .....                    (boots unavailable)
Stlth   ++........               D - amulet of regeneration
HPRegen 2.73/turn                g - ring of protection from fire
MPRegen 0.15/turn                y - +6 ring of dexterity

@: lethally poisoned (-16 -> -16), ice-armoured, freezing walls, slowed, heavily
drained, very slow
A: large, unfitting armour, claws 3, regeneration 1, shaggy fur 1, tough skin 1,
mutation resistance 1
a: Renounce Religion, Bend Time, Temporal Distortion, Slouch, Step From Time


You were on level 10 of the Dungeon.
You worshipped Cheibriados.
Cheibriados was extremely pleased with you.
You visited 2 branches of the dungeon, and saw 11 of its levels.
You also visited: Ossuary.

You collected 718 gold pieces.

Inventory:

Hand Weapons
 t - the +7 whip of Enuunib {flame, rElec rPois Dex-4 Stlth+}
   (You found it on level 3 of the Dungeon)

   It burns those it strikes, dealing additional fire damage.
   Dex:       It affects your dexterity (-4).
   rElec:     It insulates you from electricity.
   rPois:     It protects you from poison.
   Stlth:     It makes you more stealthy.
Missiles
 d - 135 stones
 h - 2 boomerangs
 k - a throwing net
 N - 17 poisoned darts
 Q - a curare-tipped dart
Armour
 o - a +0 cloak (worn)
 K - +0 steam dragon scales
 P - a +0 troll leather armour (worn)
Jewellery
 g - a ring of protection from fire (left claw)
 y - a +6 ring of dexterity (right claw)
 D - an amulet of regeneration (around neck)
 R - a ring of ice
Wands
 r - a wand of quicksilver (8)
 s - a wand of iceblast (14)
 A - a wand of polymorph (10)
 I - a wand of charming (11)
 L - a wand of flame (22)
Scrolls
 a - 2 scrolls of noise
 f - 3 scrolls of enchant armour
 i - a scroll of silence
 j - 6 scrolls of teleportation
 m - 4 scrolls of vulnerability
 n - a scroll of blinking
 q - 5 scrolls of enchant weapon
 z - 2 scrolls of immolation
 B - 3 scrolls of fear
 J - a scroll of identify
 O - a scroll of brand weapon {unknown}
Potions
 b - 2 potions of magic
 c - a potion of resistance {unknown}
 e - 4 potions of brilliance {unknown}
 l - 8 potions of curing
 p - a potion of ambrosia {unknown}
 u - 5 potions of might {unknown}
 v - 5 potions of lignification
 w - a potion of cancellation {unknown}
 x - 3 potions of attraction {unknown}
 C - 4 potions of berserk rage {unknown}
 E - 2 potions of flight {unknown}
 F - 2 potions of invisibility
 G - a potion of haste {unknown}
 H - a potion of heal wounds
 M - a potion of degeneration {unknown}


   Skills:
 - Level 1.5 Dodging
 - Level 1.0 Stealth
 * Level 12.1 Unarmed Combat
 - Level 4.1 Spellcasting
 - Level 3.0 Summonings
 - Level 7.0 Ice Magic
 + Level 3.1 Poison Magic
 + Level 1.6 Invocations


You couldn't memorise any spells.
You knew the following spells:

 Your Spells              Type           Power      Damage    Failure   Level
a - Freeze                Ice            100%       1d10      1%          1
b - Frozen Ramparts       Ice            86%        1d13      1%          3
c - Ozocubu's Armour      Ice            43%        N/A       1%          3
d - Summon Ice Beast      Ice/Summ       32%        N/A       11%         4
e - Olgreb's Toxic Radia  Pois           22%        N/A       24%         4
f - Ignite Poison         Fire/Tmut/Pois 11%        N/A       17%         3

Your spell library contained the following spells:

 Spells                   Type           Power      Damage    Failure   Level
 Sting                    Tmut/Pois      56%        1d5       4%          1
 Poisonous Vapours        Pois/Air       28%        N/A       7%          2
 Beastly Appendage        Tmut           10%        N/A       9%          1
 Sandblast                Erth           10%        2d5       9%          1
 Passwall                 Tmut/Erth      4%         N/A       13%         2
 Wereblood                Tmut           5%         N/A       13%         2
 Spider Form              Tmut/Pois      14%        N/A       14%         3
 Kindle Blastsparks       Fire/Tloc/Air  10%        2d10      26%         3
 Stone Arrow              Conj/Erth      10%        3d7       26%         3
 Fulminant Prism          Conj/Hex       2%         3d5       65%         4
 Iskenderun's Mystic Bla  Conj/Tloc      5%         2d3       65%         4
 Sticky Flame             Conj/Fire      5%         2d3       65%         4
 Lee's Rapid Deconstruct  Erth           2%         3d5*      94%         5
 Ignition                 Fire           2%         3d3       100%        8


Dungeon Overview and Level Annotations

Branches:
Dungeon (10/15)            Temple (1/1) D:4            Lair (0/5) D:10
Ossuary (visited)
    Orc: D:9-12

Altars:
Ashenzari
Cheibriados
Dithmenos
Elyvilon
Fedhas
Gozag
Hepliaklqana
Kikubaaqudgha
Makhleb
Nemelex Xobeh
Okawaru
Qazlal
Ru
Sif Muna
Trog
Vehumet
Wu Jian
Xom
Yredelemnul
Zin
The Shining One

Shops:
D:4 (*(*[   D:10 *[

Annotations:
D:10 Josephine


Innate Abilities, Weirdness & Mutations

You are too large for most types of armour.
You have claws for hands.
Your natural rate of healing is unusually fast.
You are covered in fur. (AC +1)
You have tough skin. (AC +1)
You are somewhat resistant to further mutation.


Message History

The ghostly fireball engulfs the wraith.
The wraith completely resists.
The wraith resists.
The wall freezes the wraith.
The wraith hits you but does no damage.
The wall freezes the wraith but does no damage.
The wraith misses you.
The wall freezes Josephine!
Josephine hits you with a +2 dagger of venom.
You are more poisoned.
The wall freezes the wraith but does no damage.
The wraith hits you but does no damage.
The wraith resists.
The wall freezes the wraith.
The wraith hits you but does no damage.
You claw Josephine!
Josephine is heavily wounded.
You feel very sick.
The wall freezes Josephine.
Josephine hits you with a +2 dagger of venom!
* * * LOW HITPOINT WARNING * * *
The wraith completely resists.
The wall freezes the wraith but does no damage.
The wraith hits you but does no damage.
The wraith resists.
The wall freezes the wraith.
The wraith closely misses you.
You mangle Josephine!!
Josephine is almost dead.
You feel sick.
The wall freezes Josephine.
Josephine hits you with a +2 dagger of venom.
* * * LOW HITPOINT WARNING * * *
You are more poisoned.
The wraith resists.
The wall freezes the wraith.
The wraith hits you but does no damage.
The wraith resists.
The wall freezes the wraith.
The wraith hits you.
* * * LOW HITPOINT WARNING * * *
The wraith drains your vigour!
You feel as though you will be slow longer.
You closely miss Josephine.
Josephine is almost dead.
You feel very sick.
The wall freezes Josephine!
Josephine casts a spell at you.
The ghostly flame explodes!
The ghostly fireball engulfs you!!
You feel drained.
You die...

#.....#.#########
#.....#.........#
#.....#########.#
#####.# #.######
#.# #....... #.#
######## #.# #
#.# # #@# #W@W#
#..[.. #..$### #
##### . #


You could see Josephine and 2 wraiths.

Vanquished Creatures
  A fire crab (D:10)
  Pikel (D:7)
  A necromancer (D:9)
  A gargoyle (D:9)
  A kobold demonologist (D:9)
  Maggie (D:7)
  2 trolls
  3 wraiths (D:10)
  A wyvern (D:5)
  4 steam dragons
  Menkaure (D:4)
  An acid dragon (D:9)
  4 water moccasins
  2 orc warriors
  An ice beast (D:7)
  2 sky beasts
  3 black bears
  2 ogres (D:6)
  A centaur (D:9)
  2 kobold brigands
  4 bullfrogs
  3 gnoll sergeants
  2 scorpions (D:6)
  7 wights
  6 water moccasin zombies (Ossuary)
  6 killer bees (D:6)
  4 howler monkeys (D:9)
  7 orc priests
  2 hounds
  2 jellies
  A gnoll bouda (D:5)
  2 iguanas (D:5)
  Jessica (D:2)
  4 orc wizards
  2 yak simulacra (D:9)
  2 polar bear simulacra (D:9)
  2 wolf simulacra (D:9)
  2 mummies (Ossuary)
  8 adders
  19 gnolls
  A shadow imp (D:5)
  A white imp (D:4)
  4 adder zombies (Ossuary)
  A dart slug (D:3)
  21 orcs
  2 ball pythons (D:3)
  3 endoplasms
  6 giant cockroaches
  5 goblins
  5 hobgoblins
  4 jackals
  5 quokkas
  8 bats
  2 frilled lizards (D:1)
  4 gnoll zombies (Ossuary)
  4 hobgoblin zombies (Ossuary)
  12 kobolds
  5 kobold zombies (Ossuary)
  2 orc zombies (Ossuary)
  2 rats
  5 river rat simulacra (D:9)
223 creatures vanquished.

Vanquished Creatures (collateral kills)
  A kobold brigand (D:10)
  A wight (D:8)
  An orc priest (D:7)
  An orc wizard (D:7)
  5 gnolls
  A white imp (D:7)
  A worm (D:7)
  5 orcs (D:7)
16 creatures vanquished.

Vanquished Creatures (others)
  An orc wizard (D:7)
  2 plants (D:9)
3 creatures vanquished.

Grand Total: 242 creatures vanquished

Notes
Turn   | Place    | Note
-------+----------+-------------------------------------------
     0 | D:1      | night the Troll Ice Elementalist began the quest for the
                  | Orb.
     0 | D:1      | Reached XP level 1. HP: 16/16 MP: 1/1
   123 | D:1      | Reached skill level 1 in Unarmed Combat
   129 | D:1      | Reached XP level 2. HP: 24/24 MP: 3/3
   524 | D:1      | Found a broken altar of Ashenzari.
  1122 | D:2      | Reached XP level 3. HP: 31/31 MP: 4/4
  1135 | D:2      | Reached skill level 2 in Unarmed Combat
  1188 | D:2      | Learned a level 3 spell: Frozen Ramparts
  1207 | D:2      | Noticed Jessica
  1220 | D:2      | Killed Jessica
  1310 | D:3      | Reached XP level 4. HP: 39/39 MP: 5/5
  1403 | D:3      | Identified the +7 whip of Enuunib {flame, rElec rPois Dex-4
                  | Stlth+}
  1448 | D:3      | Reached skill level 3 in Unarmed Combat
  1533 | D:3      | Reached XP level 5. HP: 34/45 MP: 6/6
  1546 | D:3      | Reached skill level 2 in Spellcasting
  1838 | D:4      | Found Xusiwaug's Antique Weapon Emporium.
  1868 | D:4      | Found Vuatango's General Store.
  1928 | D:4      | Noticed Menkaure
  1936 | D:4      | Killed Menkaure
  1937 | D:4      | Reached skill level 4 in Unarmed Combat
  1937 | D:4      | Reached XP level 6. HP: 29/53 MP: 8/8
  1963 | D:4      | Found a staircase to the Ecumenical Temple.
  1972 | Temple   | Entered the Ecumenical Temple
  2093 | Temple   | Became a worshipper of Cheibriados the Contemplative
  2133 | D:4      | HP: 7/53 [gnoll/+0 halberd (5)]
  2136 | D:4      | Gained mutation: You are frail. (-10% HP) [potion of
                  | mutation]
  2136 | D:4      | Gained mutation: You occasionally lose the ability to read
                  | scrolls when taking damage. [potion of mutation]
  2242 | D:4      | Found Boin's Weapon Shoppe.
  2307 | D:4      | Found a glowing golden altar of the Shining One.
  2407 | D:4      | Found Laofeng's Assorted Antiques.
  2689 | D:4      | Found Itwuah's Armour Shop.
  2750 | D:5      | Entered Level 5 of the Dungeon
  2761 | D:5      | HP: 7/47 [orc/+0 falchion (5)]
  2761 | D:5      | HP: 2/47 [orc/+0 mace (5)]
  2769 | D:4      | HP: 6/47 [orc/+0 falchion (4)]
  2770 | D:4      | HP: 2/47 [orc/+0 falchion (5)]
  2813 | D:5      | Reached skill level 5 in Unarmed Combat
  2827 | D:4      | HP: 6/47 [white imp/puff of frost (3)]
  2829 | D:4      | HP: 1/47 [black bear (3)]
  2831 | D:4      | Reached XP level 7. HP: 3/53 MP: 9/9
  3090 | D:5      | Noticed a wyvern
  3096 | D:5      | Killed a wyvern
  3176 | D:5      | Reached * piety under Cheibriados
  3181 | D:5      | Learned a level 3 spell: Ozocubu's Armour
  3251 | D:5      | Reached skill level 6 in Unarmed Combat
  3327 | D:5      | Learned a level 4 spell: Summon Ice Beast
  3342 | D:5      | Noticed a troll
  3353 | D:5      | Killed a troll
  3354 | D:5      | Reached XP level 8. HP: 60/60 MP: 4/11
  3912 | D:6      | Found a sand-covered staircase.
  3921 | Ossuary  | Entered an ossuary
  3955 | Ossuary  | Reached skill level 7 in Unarmed Combat
  4011 | Ossuary  | Reached ** piety under Cheibriados
  4020 | Ossuary  | Reached skill level 5 in Ice Magic
  4118 | Ossuary  | Lost mutation: You occasionally lose the ability to read
                  | scrolls when taking damage. [potion of mutation]
  4118 | Ossuary  | Lost mutation: You are frail. (-10% HP) [potion of
                  | mutation]
  4118 | Ossuary  | Gained mutation: You are somewhat resistant to further
                  | mutation. [potion of mutation]
  4341 | D:6      | Reached skill level 8 in Unarmed Combat
  4353 | D:6      | Reached XP level 9. HP: 37/74 MP: 4/13
  4552 | D:6      | Reached *** piety under Cheibriados
  4580 | D:6      | Reached skill level 1 in Summonings
  4720 | D:6      | Reached skill level 9 in Unarmed Combat
  5333 | D:6      | Reached skill level 2 in Summonings
  5728 | D:7      | Noticed Pikel
  5746 | D:7      | Killed Pikel
  5746 | D:7      | Reached **** piety under Cheibriados
  5747 | D:7      | Reached skill level 10 in Unarmed Combat
  5927 | D:7      | Reached XP level 10. HP: 64/81 MP: 0/15
  6217 | D:7      | Noticed Maggie
  6238 | D:7      | Killed Maggie
  6375 | D:7      | Found a white marble altar of Elyvilon.
  6475 | D:7      | Learned a level 4 spell: Olgreb's Toxic Radiance
  6785 | D:8      | Reached skill level 1 in Poison Magic
  7560 | D:9      | Reached skill level 11 in Unarmed Combat
  7687 | D:9      | Reached ***** piety under Cheibriados
  7894 | D:9      | Noticed a necromancer
  7907 | D:9      | Killed a necromancer
  7908 | D:9      | Reached skill level 2 in Poison Magic
  7931 | D:9      | Identified the +1 leather armour of the Robin {Will+ rCorr}
  8140 | D:9      | Noticed a gargoyle
  8174 | D:9      | Killed a gargoyle
  8376 | D:9      | Found a shimmering altar of Xom.
  8912 | D:10     | Entered Level 10 of the Dungeon
  8946 | D:10     | Found an iron altar of Okawaru.
  9004 | D:10     | Found a blossoming altar of Fedhas.
  9011 | D:10     | Found a staircase to the Lair.
  9012 | D:10     | Noticed a fire crab
  9032 | D:10     | Killed a fire crab
  9146 | D:10     | Found Umeon's General Store.
  9254 | D:10     | Reached skill level 1 in Invocations
  9260 | D:10     | Noticed a smoke demon
  9369 | D:9      | Reached XP level 11. HP: 59/88 MP: 7/16
  9433 | D:9      | Learned a level 3 spell: Ignite Poison
  9443 | D:9      | Reached skill level 12 in Unarmed Combat
  9506 | D:10     | Found Durovi's Armour Shop.
  9635 | D:10     | Noticed Josephine
  9646 | D:10     | Killed from afar by Josephine

Illustrated notes

Levels and vault maps discovered:
D:1:      sevenhm_arrival_forest_fort_small_6, layout_rooms,
          kennysheep_flooded_box, minivault_25
D:2:      layout_loops_cross, kennysheep_big_empty_room, nicolae_eternal_life,
          uniq_jessica
D:3:      layout_rooms
D:4:      layout_loops_ring, general_overflow_altar,
          minmay_temple_entry_steel_oval, serial_shops, shop,
          nicolae_stop_n_shop_1, nicolae_lakefront_shop, shop_fountains,
          nicolae_shop_bloodbath_and_beyond, uniq_menkaure
D:5:      layout_basic
D:6:      layout_basic, lightli_ossuary_entry_decrepit_ruins
D:7:      layout_cave_pools, lemuel_tele_altar, uniq_maggie, uniq_pikel
D:8:      layout_loops_ring
D:9:      layout_loops_corners, mainiacjoe_overflow_small_starburst,
          enter_bailey_1, eino_house_with_fridge
D:10:     layout_loops_ring, okawaru_metal_pillars_3,
          eat_drink_and_be_merry_uskayaw, mainiacjoe_overflow_boulevard,
          minmay_lair_entry_lava, serial_shops, shop, shop_coins, uniq_josephine
Temple:   nicolae_temple_bog_church

Skill      XL: |  1  2  3  4  5  6  7  8  9 10 11 |
---------------+----------------------------------+-----
Ice Magic      | 3 4 5 6 7 |  7.0
Unarmed Combat | 1 2 3 4 5 6 8 10 11 12 | 12.1
Spellcasting   | 2 3 4 |  4.1
Summonings     | 2 3 |  3.0
Poison Magic   | 2 3 |  3.1
Invocations    | 1 |  1.6
Dodging        | |  1.5
Stealth        | |  1.0

Action                   |  1- 3 |  4- 6 |  7- 9 | 10-12 || total
-------------------------+-------+-------+-------+-------++-------
Melee: Unarmed           |    88 |   196 |   222 |   121 ||   627
       Punch             |     1 |     7 |    12 |    13 ||    33
 Cast: Freeze            |       |       |     7 |       ||     7
       Frozen Ramparts   |       |       |    20 |    24 ||    44
       Ozocubu's Armour  |       |       |    19 |    21 ||    40
       Summon Ice Beast  |       |       |     6 |    11 ||    17
Evoke: Wand              |       |       |     2 |     1 ||     3
  Use: Scroll            |       |     6 |     3 |     4 ||    13
       Potion            |       |     4 |     3 |       ||     7
 Stab: Sleeping          |     1 |     1 |     3 |     2 ||     7
       Distracted        |       |       |     1 |     1 ||     2
Armor: Robe              |    45 |    81 |   107 |     1 ||   234
       Skin              |       |       |     4 |       ||     4
       Steam dragon scal |       |       |       |    32 ||    32
       Troll leather arm |       |       |       |    15 ||    15
Dodge: Dodged            |    48 |   102 |   119 |    73 ||   342

Table legend: (Time is in decaauts)
 A = Elapsed time spent in this place.
 B = Non-inter-level travel time spent in this place.
 C = Inter-level travel time spent in this place.
 D = Time resting spent in this place.
 E = Time spent auto-exploring this place.
 F = Levels seen in this place.
 G = Mean time per level.
                   A        B        C        D        E       F      G
               +--------+--------+--------+--------+--------+-----+--------+
         Total |  12281 |  11770 |    511 |    867 |   8882 |  12 | 1023.4 |
       Dungeon |  11912 |  11422 |    490 |    867 |   8683 |  10 | 1191.2 |
        Temple |    135 |    114 |     21 |      0 |    101 |   1 |  135.0 |
       Ossuary |    233 |    233 |      0 |      0 |     97 |   1 |  233.0 |
               +--------+--------+--------+--------+--------+-----+--------+

Top non-repeatable levels by time:
     D:9: 2314 daAuts
     D:6: 1770 daAuts
     D:8: 1412 daAuts
     D:5: 1408 daAuts
     D:7: 1235 daAuts
     D:4: 1084 daAuts
    D:10: 852 daAuts
     D:2: 731 daAuts
     D:1: 552 daAuts
     D:3: 551 daAuts
 Ossuary: 233 daAuts
  Temple: 135 daAuts
